Minoru, lawful male human Samurai ------- |.....-############### |.{...|# # -.------# -.-----# ##.......|# ######### |..[...|########## # #.......| #---.---- -.-.--------- ######## |...........| # # # |....f..>...| ### # |...@.......| # # | |...........+ -.-----############# .........| ------------- ......+# # *# --------- |....<|### ---.--- |....(.# |.....| ------- |..)..| ------- Minoru the Ronin Experience level: 3 Strength: 18/01 Dexterity: 13 Constitution: 18 Intelligence: 9 Wisdom: 8 Charisma: 7 Health: 0(35) Energy: 13(13) Def: 8 Gold: 1228 Moves: 1128 Dungeon seed: JQBtyJs-XYbGbbHL Game ID: Minoru_1496614324 Your Inventory: Coins $ - 1228 gold pieces Amulets y - a cursed amulet of unchanging Weapons a - an uncursed +0 katana (weapon in hand) b - an uncursed +0 wakizashi c - an uncursed +0 yumi d - 42 uncursed +0 ya (in quiver) D - a cursed +0 katana F - 36 cursed +0 ya Armor e - an uncursed rustproof +0 splint mail (being worn) N - a cursed +1 orcish helm (being worn) Y - a cursed -1 pair of gauntlets of fumbling (being worn) Comestibles J - an uncursed egg K - 3 cursed gunyoki L - 3 cursed lichen corpses Scrolls g - an uncursed scroll of enchant weapon h - an uncursed scroll of food detection m - a cursed scroll of identify o - an uncursed scroll of taming t - an uncursed scroll of teleportation z - an uncursed scroll of amnesia A - a cursed scroll of earth Spellbooks p - an uncursed spellbook of cone of cold Potions f - an uncursed potion of water i - an uncursed potion of gain energy j - an uncursed potion of healing r - a cursed potion of blindness x - an uncursed potion of see invisible C - a cursed potion of healing Rings s - an uncursed ring of protection from shape changers Wands w - an uncursed wand of cold (0:7) B - a cursed wand of sleep (0:6) Gems n - 2 uncursed worthless pieces of red glass Spells and supernatural/magical abilities: Name Level Category Fail Memory o - cone of cold 4 attack 100% 100% W - pray for help -- divine ? -- Your skills at the end: Fighting Skills martial arts [Basic] Weapon Skills short sword [Basic] long sword [Basic] bow [Basic] Spellcasting Skills Final Attributes: You were piously aligned. You were confused. You fumbled. You were fast. You are dead. Vanquished creatures: a little dog a floating eye a brown mold 2 geckos a fox 2 kobolds a goblin a lichen a kobold zombie 5 newts 16 creatures vanquished. Voluntary challenges: You were an atheist. You used a wielded weapon 13 times, starting on turn 5. You read items or engraved 23 times, starting on turn 1092. You never genocided any monsters. You never polymorphed an object. You never changed form. You used no wishes. You never split a pudding. You never wrote Elbereth's name. You never violated your personal moral code. Dungeon overview: The Dungeons of Doom: levels 1 to 6 Level 1 a long staircase Level 2 a general store Level 3 Level 4 a jewelry store Level 5 a fountain Level 6 <- You were here a fountain History has recorded: On T:1 you entered the Dungeons of Doom to retrieve the Amulet of Yendor! On T:197 you reached level 2 of The Dungeons of Doom. On T:411 you reached level 3 of The Dungeons of Doom. On T:501 you reached level 4 of The Dungeons of Doom. On T:761 you reached level 5 of The Dungeons of Doom. On T:806 you advanced to experience level 2. On T:929 you advanced to experience level 3. On T:971 you reached level 6 of The Dungeons of Doom. Score breakdown: Gold: 1228 (10509 points) Experience: 3 levels ( 7878 points) Exploration: 6 levels ( 12.24%) ( 9682 points) Discoveries: 2 items ( 0.81%) ( 2705 points) Valuables value: (no points given unless you survive) Artifact value: 0 ( 0 points) Variety of kills: 10 monsters ( 2.62%) ( 4860 points) Turncount: 1128 turns ( 0 points) Survival: died (score multiplied by 80%) Total score: 28507 Latest messages: You drop a splint mail. Your movements are now unencumbered. You begin to memorize the runes. You add the "cone of cold" spell to your repertoire. You stop exploring. You slip and nearly fall. You stop exploring. You make a lot of noise! You stop exploring. There are several objects here. You have a little trouble lifting L - 3 lichen corpses. You have a little trouble lifting M - a dark green spellbook. You have a little trouble lifting O - a white spellbook. Your movements are slowed slightly because of your load. You feel a wrenching sensation. The spellbook crumbles to dust! (You can name a dark green spellbook from the item naming menu.) You can move again. These runes were just too much to comprehend. The spellbook crumbles to dust! (You can name a white spellbook from the item naming menu.) The kitten bites! (7x) You die... Final status: Sayonara Minoru the Samurai, killed by a kitten, while frozen by a spellbook... You died in The Dungeons of Doom on dungeon level 6 with 28507 points, and 1228 pieces of gold, after 1128 moves. You were level 3 with a maximum of 35 hit points when you died.